 Dungeon Crawl Stone Soup version 0.30-a0-335-ge5acde7520 (webtiles) character file.

Game seed: 1101219914472671063

662 HoaS the Skirmisher (level 7, 0/40 HPs)
             Began as a Gargoyle Hunter on Oct 30, 2022.
             Was an Initiate of Makhleb.
             Slain by an ice beast (12 damage)
             ... on level 5 of the Dungeon.
             The game lasted 00:08:57 (3713 turns).

HoaS the Skirmisher (Gargoyle Hunter)               Turns: 3713, Time: 00:08:58

Health: 0/40       AC:  8    Str: 14    XL:     7   Next: 56%
Magic:  7/7        EV: 11    Int: 10    God:    Makhleb [......]
Gold:   330        SH:  0    Dex: 15    Spells: 6/6 levels left

rFire   . . .      SeeInvis .    a - +0 shortbow
rCold   . . .      Faith    .    (shield currently unavailable)
rNeg    + . .      Spirit   .    c - +1 leather armour
rPois   ∞          Reflect  .    (no helmet)
rElec   +          Harm     .    m - scarf {repulsion}
rCorr   .          Rampage  .    (no gloves)
Will    .....                    (no boots)
Stlth   ++........               (no amulet)
HPRegen 0.26/turn                (no ring)
MPRegen 0.10/turn                (no ring)

@: repel missiles
A: sickness immunity, AC +4, negative energy resistance 1, electricity
resistance, torment resistance 1, petrification resistance
a: Renounce Religion


You were on level 5 of the Dungeon.
You worshipped Makhleb.
Makhleb was noncommittal.
You visited 1 branch of the dungeon, and saw 5 of its levels.

You collected 330 gold pieces.

Inventory:

Hand Weapons
 a - a +0 shortbow (weapon)
Missiles
 n - a throwing net
Armour
 c - a +1 leather armour (worn)
 m - a scarf of repulsion (worn)
 q - a +0 ring mail
Jewellery
 o - a ring of ice
Wands
 f - a wand of paralysis (14)
 h - a wand of roots (8)
 k - a wand of mindburst (14)
 l - a wand of flame (19)
Scrolls
 b - 3 scrolls of immolation
 g - a scroll of silence
Potions
 d - a potion of heal wounds
 e - 2 potions of berserk rage
 i - 2 potions of flight
 p - a potion of mutation {unknown}


   Skills:
 - Level 2.1 Fighting
 + Level 9.0 Ranged Weapons
 - Level 1.5 Dodging
 - Level 1.1 Stealth


You had 6 spell levels left.
You didn't know any spells.
Your spell library contained the following spells:

 Spells                   Type           Power      Damage    Failure   Level
 Summon Small Mammal      Summ           0%         N/A       43%         1
 Call Canine Familiar     Summ           0%         N/A       82%         3
 Ignite Poison            Fire/Tmut/Pois 0%         N/A       82%         3
 Kindle Blastsparks       Fire/Tloc/Air  0%         2d10      82%         3
 Summon Guardian Golem    Hex/Summ       0%         N/A       82%         3
 Summon Lightning Spire   Summ/Air       0%         N/A       99%         4
 Freezing Cloud           Conj/Ice/Air   0%         6-21      100%        5
 Discord                  Hex            0%         N/A       100%        8
 Maxwell's Capacitive Co  Air            0%         ∞         100%        8


Dungeon Overview and Level Annotations

Branches:
Dungeon (5/15)
 Temple: D:4-7

Altars:
Cheibriados
Makhleb
Vehumet
Xom

Shops:
D:5 (

Annotations:
D:4 2 exclusions, Dowan, Duvessa


Innate Abilities, Weirdness & Mutations

You are immune to sickness and miasma.
Your stone body is resilient. (AC +4)
You are immune to poison.
You resist negative energy. (rN+)
You are resistant to electric shocks. (rElec)
You are resistant to unholy torment.
You are immune to petrification.


Message History

You shoot an arrow.
The arrow hits the ice beast but does no damage.
The ice beast is lightly wounded.
The ice beast barely misses you.
You shoot an arrow.
The arrow hits the ice beast but does no damage.
The ice beast is lightly wounded.
The ice beast hits you but does no damage.
You shoot an arrow. The arrow hits the ice beast!
The ice beast is moderately wounded.
The ice beast hits you but does no damage. x2
You shoot an arrow. The arrow hits the ice beast.
The ice beast is heavily wounded.
The ice beast hits you but does no damage.
You shoot an arrow. The arrow hits the ice beast.
The ice beast is heavily wounded.
The ice beast closely misses you.
You shoot an arrow.
The arrow hits the ice beast but does no damage.
The ice beast is heavily wounded.
The ice beast hits you. The ice beast freezes you!
You shoot an arrow. The arrow barely misses the ice beast.
The ice beast closely misses you.
You shoot an arrow. The arrow hits the ice beast.
The ice beast is severely wounded.
The ice beast closely misses you.
You shoot an arrow. The arrow barely misses the ice beast.
The ice beast hits you. The ice beast freezes you!
You are too injured to fight recklessly!
You are too injured to fight recklessly!
You are too injured to fight recklessly!
You are too injured to fight recklessly!
Fire: a) +0 shortbow
Press: ? - help, Q - select action, (/) - cycle Shift-Dir - straight line, f/p - ice beast
Aim: an ice beast (severely wounded, 64% to hit)
You shoot an arrow.
The arrow hits the ice beast but does no damage.
The ice beast is severely wounded.
The ice beast hits you. The ice beast freezes you!
You die...

#........>...#
#.##..#.#
#...##########
#.......# ##.##
#.###)#.# #.# ######
#.......# #.# ....[
#######.### #.# #..!..
#.....<.## #.# #..#..
#.####...## #.#
#....Y##.##....#.# #.##
#.....@..##.#...## #..#
#########........##
##.# #......##.###.####
#.#
#.####.##.###.########
#.#
#.##.................#
#.#
##.##.#..#.#..####.....
#.###........#.#..# #.#
#.##.#.........#..#
####.....####.#.###..#


You could see an ice beast.

Vanquished Creatures
  A bullfrog (D:5)
  2 necrophages (D:4)
  2 scorpions
  A crimson imp (D:4)
  2 hounds
  Ijyb (D:4)
  2 orc wizards (D:4)
  2 iguanas
  6 adders
  A shadow imp (D:5)
  2 dart slugs
  4 orcs
  5 bats
  11 endoplasms
  3 giant cockroaches
  7 goblins
  3 hobgoblins
  5 quokkas
  2 ball pythons
  2 frilled lizards (D:1)
  4 kobolds
  7 rats
75 creatures vanquished.

Notes
Turn   | Place    | Note
-------+----------+-------------------------------------------
     0 | D:1      | HoaS the Gargoyle Hunter began the quest for the Orb.
     0 | D:1      | Reached XP level 1. HP: 12/12 MP: 1/1
   191 | D:1      | Reached XP level 2. HP: 17/17 MP: 2/2
   355 | D:1      | Found a faded altar of an unknown god.
   866 | D:2      | Reached XP level 3. HP: 20/21 MP: 3/3
   899 | D:2      | Reached skill level 5 in Ranged Weapons
  1596 | D:3      | Found a snail-covered altar of Cheibriados.
  1661 | D:3      | Reached XP level 4. HP: 25/26 MP: 4/4
  1865 | D:3      | Reached skill level 6 in Ranged Weapons
  1942 | D:4      | Reached XP level 5. HP: 29/30 MP: 5/5
  2067 | D:4      | Found a burning altar of Makhleb.
  2067 | D:4      | Found a radiant altar of Vehumet.
  2099 | D:3      | Reached skill level 7 in Ranged Weapons
  2099 | D:3      | Reached XP level 6. HP: 9/35 MP: 6/6
  2294 | D:4      | Became a worshipper of Makhleb the Destroyer
  2364 | D:4      | Identified the +0 leather armour "Famaram" {rElec}
  2412 | D:4      | Found a shimmering altar of Xom.
  2433 | D:4      | Noticed Dowan
  2435 | D:4      | Noticed Duvessa
  2488 | D:4      | Got Sif Muna's Meditations on Electric Charms
  2494 | D:4      | Noticed Ijyb
  2505 | D:4      | Killed Ijyb
  2578 | D:4      | Identified the +4 chain mail "Vasof" {-Tele rC+++ Int+5}
  2624 | D:4      | Reached skill level 8 in Ranged Weapons
  2624 | D:4      | Reached XP level 7. HP: 25/40 MP: 7/7
  3095 | D:5      | Entered Level 5 of the Dungeon
  3490 | D:5      | Found Vogen's Antique Weapon Emporium.
  3600 | D:5      | Reached skill level 9 in Ranged Weapons
  3713 | D:5      | Slain by an ice beast

Illustrated notes

Levels and vault maps discovered:
D:1:      onia_arrival_pyramid, layout_loops_ring,
          hellmonk_ecumenical_altar_arch_garden
D:2:      layout_loops_ring
D:3:      layout_loops_ring, mainiacjoe_overflow_surrounded_room
D:4:      layout_loops_ring, grunt_temple_overflow_lords_of_destruction,
          lemuel_doored_altar, minmay_misc_feat_iff, uniq_ijyb, uniq_duvessa
D:5:      layout_loops_cross, marbit_many_paths, serial_shops, shop,
          minivault_26

Skill      XL: |  1  2  3  4  5  6  7 |
---------------+----------------------+-----
Ranged Weapons | 5 6 7 8 9 |  9.0
Fighting       | |  2.1
Dodging        | |  1.5
Stealth        | |  1.1

Action                   |  1- 3 |  4- 6 |  7- 9 || total
-------------------------+-------+-------+-------++-------
 Fire: Shortbow          |    95 |   139 |    92 ||   326
Evoke: Wand              |       |       |     1 ||     1
  Use: Scroll            |     7 |     6 |     2 ||    15
       Potion            |       |     1 |       ||     1
Armor: Leather armour    |     6 |    45 |    28 ||    79
Dodge: Dodged            |    23 |    50 |    32 ||   105

Table legend: (Time is in decaauts)
 A = Elapsed time spent in this place.
 B = Non-inter-level travel time spent in this place.
 C = Inter-level travel time spent in this place.
 D = Time resting spent in this place.
 E = Time spent auto-exploring this place.
 F = Levels seen in this place.
 G = Mean time per level.
                   A        B        C        D        E       F      G
               +--------+--------+--------+--------+--------+-----+--------+
         Total |   3784 |   3652 |    132 |    609 |   2325 |   5 |  756.8 |
       Dungeon |   3784 |   3652 |    132 |    609 |   2325 |   5 |  756.8 |
               +--------+--------+--------+--------+--------+-----+--------+

Top non-repeatable levels by time:
     D:4: 1285 daAuts
     D:2: 882 daAuts
     D:3: 601 daAuts
     D:1: 584 daAuts
     D:5: 431 daAuts
